 Dungeon Crawl Stone Soup version 0.32-a0-329-ge6c31236d6 (webtiles) character file.

Game seed: 8076723770950999743

440 PriceMaster the Sneak (level 7, -3/43 HPs)
             Began as an Octopode Fire Elementalist on Feb 17, 2024.
             Was a Follower of Trog.
             Slain by hattop's ghost (8 damage)
             ... on level 4 of the Dungeon.
             The game lasted 00:05:39 (4146 turns).

PriceMaster the Sneak (Octopode Fire Elementalist)  Turns: 4146, Time: 00:05:40

Health: -3/43      AC:  1    Str: 15    XL:     7   Next: 2%
Magic:  10/10      EV: 13    Int: 18    God:    Trog [*.....]
Gold:   162        SH:  0    Dex: 12    Spells: 7/10 levels left

rFire   + . .        l - +1 rapier (venom)
rCold   x . .        (no shield)
rNeg    . . .        (helmet restricted)
rPois   .            (no amulet)
rElec   .            n - ring of fire
rCorr   .            o - +6 ring of strength
SInv    .            (no ring)
Will    +....        (no ring)
Stlth   ++++         (no ring)
HPRegen 0.27/turn    (no ring)
MPRegen 0.12/turn    (no ring)
                     (no ring)

%: no passive effects
@: on berserk cooldown, enlightened, flying, slowed, very slow
A: almost no armour, amphibious, 8 rings, camouflage 1, gelatinous body 1,
(nimble swimmer 1), tentacles
a: Renounce Religion, Berserk


You were on level 4 of the Dungeon.
You worshipped Trog.
Trog was aware of your devotion.
You visited 1 branch of the dungeon, and saw 4 of its levels.

You collected 162 gold pieces.

Inventory:

Hand Weapons
 e - a +0 falchion
 l - a +1 rapier of venom (weapon)
Armour
 f - a +0 cloak
Jewellery
 n - a ring of fire (left tentacle)
 o - a +6 ring of strength (right tentacle)
Talismans
 j - a storm talisman
Scrolls
 c - 5 scrolls of identify {unknown}
 d - 3 scrolls of teleportation {unknown}
 g - a scroll of silence {unknown}
 h - a scroll of fog {unknown}
 i - a scroll of vulnerability {unknown}
 k - a scroll of noise {unknown}
 m - a scroll of enchant armour {unknown}
 p - a scroll of poison {unknown}
Potions
 a - a potion of magic
 b - 2 potions of enlightenment
 q - a potion of might {unknown}


   Skills:
 + Level 1.2 Fighting
 + Level 1.1(2.3) Short Blades
 + Level 3.3(3.4) Long Blades
 + Level 3.0 Dodging
 + Level 5.8 Stealth
 - Level 2.4 Spellcasting
 - Level 1.0 Conjurations
 - Level 3.4 Fire Magic
 * Level 2.0 Shapeshifting


You had 7 spell levels left.
You knew the following spells:

 Your Spells              Type           Power      Damage    Failure   Level
a - Foxfire               Conj/Fire      60%        2x1d7     7%          1
b - Scorch                Fire           42%        2d6       6%          2

Your spell library contained the following spells:

 Spells                   Type           Power      Damage    Failure   Level
 Inner Flame              Hex/Fire       12%        N/A       26%         3
 Volatile Blastmotes      Fire/Tloc      24%        2d12      26%         3
 Flame Wave               Conj/Fire      15%        2d7       56%         4


Dungeon Overview and Level Annotations

Branches:
Dungeon (4/15)
 Temple: D:4-7

Altars:
Ru
Trog

Annotations:
D:4 hattop's ghost, amateur DrSh


Innate Abilities, Weirdness & Mutations

You cannot wear most types of armour.
You are amphibious.
You can wear up to eight rings at the same time.
Your skin changes colour to match your surroundings (Stealth+).
Your rubbery body absorbs attacks. (AC +1, EV +1)
((You are camouflaged when in or above water. (Stealth+)))
You have tentacles for arms and can constrict up to eight enemies at once.


Message History

You barely miss hattop's ghost.
Hattop's ghost is heavily damaged.
Hattop's ghost barely misses you.
You hit hattop's ghost but do no damage.
Hattop's ghost is heavily damaged.
Hattop's ghost hits you!
You hit hattop's ghost.
Hattop's ghost is heavily damaged.
Hattop's ghost hits you.
You closely miss hattop's ghost. Your squeeze misses hattop's ghost.
Hattop's ghost is heavily damaged.
You hit hattop's ghost. Your squeeze misses hattop's ghost.
Hattop's ghost is severely damaged.
Hattop's ghost hits you!
* * * LOW HITPOINT WARNING * * *
You closely miss hattop's ghost.
Hattop's ghost is severely damaged.
You barely miss hattop's ghost.
Hattop's ghost is severely damaged.
You are no longer berserk.
You are exhausted.
You feel yourself slow down.
Hattop's ghost hits you but does no damage.
You hit hattop's ghost but do no damage.
Hattop's ghost is heavily damaged.
Hattop's ghost hits you.
* * * LOW HITPOINT WARNING * * *
Hattop's ghost closely misses you.
You hit hattop's ghost. Your squeeze misses hattop's ghost.
Hattop's ghost is severely damaged.
Hattop's ghost hits you.
* * * LOW HITPOINT WARNING * * *
It was a potion of enlightenment.
You feel very buoyant.
You fly up into the air.
Hattop's ghost wails.
Hattop's ghost misses you.
Hattop's ghost shouts, "They lied to you.
The Dungeon just goes down and down forever."
Hattop's ghost hits you!
You die...

#.# ####.#.#####.# ##.# #.#
#.........# #.# ### #.#
###.####### ###.# ..## #.# ##'##
#...# ...# ##.## ##...## #.###
...# #...# ##.....## #.# ...#
#...######.......## ##.##
...####....##..#........####...##
:...........#ß?W@.......'.......#
...#.###...##..#........##.....##
####.###..######.......###.##.##
#.#...###.# ##.....## #.####
#.#.### #.# ##...## #.# #.#.# #.#
##'## #.# #.#.#####.# #.# #.#
#.........# ###.######.#
###.######## #.......##.#


You could see hattop's ghost.

Vanquished Creatures
  3 scorpions
  A bombardier beetle (D:4)
  Jessica (D:3)
  An iguana (D:4)
  5 adders
  A dart slug (D:4)
  2 ribbon worms (D:2)
  An orc (D:2)
  5 ball pythons
  4 bats
  6 endoplasms
  4 giant cockroaches
  8 goblins
  10 hobgoblins
  6 jackals
  4 kobolds
  2 quokkas
  6 frilled lizards
  7 rats
77 creatures vanquished.

Vanquished Creatures (others)
  12 foxfires (D:1)
12 creatures vanquished.

Grand Total: 89 creatures vanquished

Notes
Turn   | Place    | Note
-------+----------+-------------------------------------------
     0 | D:1      | PriceMaster the Octopode Fire Elementalist began the quest
                  | for the Orb.
     0 | D:1      | Reached XP level 1. HP: 11/11 MP: 3/3
   175 | D:1      | Reached XP level 2. HP: 17/17 MP: 0/5
   178 | D:1      | Learned a level 2 spell: Scorch
   858 | D:1      | Found a faded altar of an unknown god.
   888 | D:1      | Prayed at the altar of an unknown god.
   888 | D:1      | Became a worshipper of Trog the Wrathful
   888 | D:1      | Reached * piety under Trog
   945 | D:1      | Reached skill level 3 in Stealth
  1114 | D:1      | Reached XP level 3. HP: 21/21 MP: 6/6
  1653 | D:2      | Reached skill level 4 in Stealth
  1666 | D:2      | Reached XP level 4. HP: 27/27 MP: 7/7
  1668 | D:2      | Reached skill level 1 in Long Blades
  2620 | D:3      | Noticed a scorpion
  2627 | D:3      | Killed a scorpion
  2628 | D:3      | Reached XP level 5. HP: 31/31 MP: 8/8
  2702 | D:3      | Reached skill level 5 in Stealth
  2702 | D:3      | Reached skill level 1 in Shapeshifting
  2718 | D:3      | Reached XP level 6. HP: 12/37 MP: 9/9
  2980 | D:3      | Reached ** piety under Trog
  3064 | D:3      | Noticed Jessica
  3070 | D:3      | Killed Jessica
  3124 | D:3      | Found a sacrificial altar of Ru.
  3392 | D:4      | Found a runed translucent door.
  3392 | D:4      | Noticed hattop's ghost (amateur DrSh)
  3788 | D:4      | Reached skill level 1 in Fighting
  3898 | D:4      | Reached skill level 1 in Short Blades
  3921 | D:4      | Reached XP level 7. HP: 43/43 MP: 10/10
  4146 | D:4      | Slain by hattop's ghost

Illustrated notes

Levels and vault maps discovered:
D:1:      lemuel_arrival_muddy, layout_basic, serial_co_window_serial,
          co_window_corner_a, co_window_paths_b, co_window_paths_a,
          co_window_of_opportunity_a, co_window_of_opportunity_a,
          co_window_corner_cb, co_window_broadway_a, co_window_2corner,
          co_window_2corner, co_window_4corner_a, glass_columns_a,
          glass_columns_a, ebering_ecumenical_altar_mist, minivault_25
D:2:      layout_basic, minmay_tetromino_t2
D:3:      layout_basic, nicolae_ru_the_path_less_chosen, minmay_hedge_maze,
          uniq_jessica
D:4:      layout_loops_corners, gammafunk_ghost_grave, grunt_ministairs_15

Skill      XL: |  1  2  3  4  5  6 |
---------------+-------------------+-----
Stealth        | 3 4 5 |  5.8
Long Blades    | 2 3 |  3.3
Shapeshifting  | 1 2 |  2.0
Fighting       | 1 |  1.2
Dodging        | 3 |  3.0
Short Blades   | 1 |  1.1
Spellcasting   | |  2.4
Conjurations   | |  1.0
Fire Magic     | |  3.4

Action                     |  1- 3 |  4- 6 |  7- 9 || total
---------------------------+-------+-------+-------++-------
  Melee: Unarmed           |     2 |       |       ||     2
         Constrict         |    11 |    23 |       ||    34
         Tentacles         |    10 |    17 |     1 ||    28
         Falchion          |    37 |    58 |       ||    95
         Rapier            |       |    37 |    17 ||    54
   Cast: Foxfire           |    22 |       |       ||    22
         Scorch            |     3 |       |       ||     3
 Invoke: Berserk           |     4 |     8 |     1 ||    13
         Trog's Hand       |       |     3 |       ||     3
    Use: Potion            |       |       |     1 ||     1
   Stab: Sleeping          |     5 |    11 |       ||    16
         Distracted        |       |     1 |       ||     1
 Armour: Skin              |    13 |    40 |    11 ||    64
  Dodge: Dodged            |    29 |    51 |     3 ||    83
         Form:             |       |     1 |       ||     1
         Storm             |       |     1 |       ||     1

Table legend: (Time is in decaauts)
 A = Elapsed time spent in this place.
 B = Non-inter-level travel time spent in this place.
 C = Inter-level travel time spent in this place.
 D = Time resting spent in this place.
 E = Time spent auto-exploring this place.
 F = Levels seen in this place.
 G = Mean time per level.
                   A        B        C        D        E       F      G
               +--------+--------+--------+--------+--------+-----+--------+
         Total |   4276 |   4125 |    151 |    354 |   3114 |   4 | 1069.0 |
       Dungeon |   4276 |   4125 |    151 |    354 |   3114 |   4 | 1069.0 |
               +--------+--------+--------+--------+--------+-----+--------+

Top non-repeatable levels by time:
     D:1: 1407 daAuts
     D:3: 1089 daAuts
     D:4: 958 daAuts
     D:2: 820 daAuts
